 Dungeon Crawl Stone Soup version 0.26-a0-667-g92642533e4 (webtiles) character file.

Game seed: 3524241798164180643

35192 robertstho the Severer (level 13, -7/103 HPs)
             Began as a Deep Dwarf Berserker on Oct 16, 2020.
             Was a High Priest of Trog.
             Mangled by a big kobold
             ... wielding a +1 whip of distortion
              (14 damage)
             ... on level 8 of the Dungeon.
             The game lasted 00:29:26 (11019 turns).

robertstho the Severer (Deep Dwarf Berserker)      Turns: 11019, Time: 00:29:27

Health: -7/103     AC: 21    Str: 27      XL:     13   Next: 46%
Magic:  10/10      EV:  9    Int:  7      God:    Trog [*****.]
Gold:   789        SH:  0    Dex: 11 (12) Spells: 12/12 levels left

rFire    x . .     SeeInvis +   Q - +6 battleaxe (vamp)
rCold    + . .     Faith    .   (shield currently unavailable)
rNeg     . . .     Spirit   .   T - +3 plate armour {MR+}
rPois    .         Reflect  .   w - +0 helmet
rElec    .         Harm     .   (no cloak)
rCorr    .         Rampage  .   G - +0 pair of gloves
MR       ++...     Rnd*Rage +   (no boots) Stlth ..........Rnd*Tele +
                                (no amulet)
HPRegen  0.00/turn              b - ring of see invisible
MPRegen  0.12/turn              N - ring of ice

@: berserk cooldown, non-regenerating, badly diseased, slowed, very slow
A: damage resistance, heal wounds, [berserk 3], [blurry vision 2],
[deterioration 1], [frail 2], [low mp 1], sense surroundings 2, screaming 1,
[teleportitis 2], no regeneration
a: Heal Wounds, Berserk, Trog's Hand, Brothers in Arms, Renounce Religion


You were on level 8 of the Dungeon.
You worshipped Trog.
Trog was extremely pleased with you.
You visited 1 branch of the dungeon, and saw 13 of its levels.
You visited the Abyss 1 time.
You also visited: Bailey and Ice Cave.

You collected 976 gold pieces.
You spent 187 gold pieces at shops.

Inventory:

Hand Weapons
 k - a +3 executioner's axe of flaming
 Q - a +6 vampiric battleaxe (weapon)
 V - the +1 hunting sling "Kaoschamon" {speed, +Blink rF+ Str-2}
   (You found it in an ice cave)

   Attacks with this weapon are significantly faster.
   It affects your strength (-2).
   It protects you from fire.
   It lets you blink.
Missiles
 c - 3 silver javelins (quivered)
 y - 75 poisoned darts
Armour
 w - a +0 helmet (worn)
 G - a +0 pair of gloves (worn)
 I - a +1 ring mail of fire resistance
 L - a +0 crystal plate armour
 T - a +3 plate armour of magic resistance (worn)
 U - a +2 scale mail of cold resistance
Jewellery
 b - a ring of see invisible (left hand)
 p - a +6 ring of dexterity
 u - an uncursed ring of poison resistance
 z - a +6 ring of dexterity
 N - a ring of ice (right hand)
 S - an uncursed ring of positive energy
Wands
 a - a wand of iceblast (16)
 m - a wand of flame (18)
 A - a wand of disintegration (19)
 B - a wand of enslavement (6)
 H - a wand of polymorph (8)
Scrolls
 e - 4 scrolls of fear
 g - 4 scrolls of immolation
 j - 5 scrolls of blinking
 l - 2 scrolls of fog
 o - 7 scrolls of teleportation
 q - 2 scrolls of enchant armour
 r - 7 scrolls of magic mapping
 s - a scroll of enchant weapon
 v - 8 scrolls of remove curse
 R - 3 scrolls of identify
Potions
 f - 3 potions of curing
 h - 6 potions of lignification
 i - 5 potions of flight
 n - 2 potions of berserk rage
 t - 4 potions of haste
 x - 3 potions of heal wounds
 C - a potion of might {unknown}
 D - 4 potions of ambrosia
 J - 2 potions of stabbing
Miscellaneous
 d - a box of beasts (2/3)


   Skills:
 * Level 12.1 Fighting
 + Level 15.6 Axes
 * Level 12.7 Armour
 + Level 3.4 Dodging
 + Level 3.2 Stealth
   Level 3.4 Shields
 + Level 0.1 Evocations


You had 12 spell levels left.
You didn't know any spells.
Your spell library was empty.

Dungeon Overview and Level Annotations

Branches:
Dungeon (13/15)            Temple (0/1) D:6            Lair (0/6) D:8
    Orc (0/2) D:10         Bailey (visited)           IceCv (visited)
 Vaults: D:13-14

Altars:
Cheibriados
Dithmenos
Elyvilon
Fedhas
Kikubaaqudgha
Okawaru
Qazlal
Sif Muna
Trog
Vehumet
Wu Jian
Xom

Shops:
D:6 *   D:8 :   D:11 (

Annotations:
D:8 Demosthentine's ghost, novice FoFi
D:11 3 runed translucent doors, robertstho's ghost, journeyman KoHu


Innate Abilities, Weirdness & Mutations

You are resistant to damage.
You can heal yourself by infusing magical energy.
You passively map the area around you.
You do not regenerate.
You occasionally shout uncontrollably at your foes.
[You have an uncontrollable temper.]
[Scrolls take you longer to read.]
[Your body sometimes deteriorates upon taking damage.]
[You are very frail. (-20% HP)]
[Your magical capacity is low. (-10% MP)]
[You are sometimes teleported next to monsters.]


Message History

The big kobold hits you but does no damage.
Demosthentine's ghost hits you but does no damage.
The big kobold hits you but does no damage.
Space warps horribly around you!!
* * * LOW HITPOINT WARNING * * *
The big kobold hits you but does no damage.
Demosthentine's ghost hits you!
* * * LOW HITPOINT WARNING * * *
The big kobold closely misses you.
The big kobold hits you but does no damage.
Really read with blurry vision while enemies are nearby? [Y]es or [N]o only, please.
Really read with blurry vision while enemies are nearby? [Y]es or [N]o only, please.
Really read with blurry vision while enemies are nearby?
Demosthentine's ghost hits you!
* * * LOW HITPOINT WARNING * * *
The big kobold hits you but does no damage.
Space warps horribly around you!
You die...

######.# #.### #.# #.#
###.#.######.# ###.#####
#............# #.......#
#.....#.######
#.#.###.###.....#.#
#.#.###.#.>....(#.#
#.#...#####....##.#
#..<.##.⌠.##K..##.#
######.#.#K#@.....#
#$..#.KWxK.#### #######
#/....KKK.## #......
#=..#..K..# #[####.
##.#.#.#..# #.# #.
########.⌠.##..#########.####.
#......#####................#.
#.##...........#########.##.#.
#.##...######...## #.#....


You could see an ancient zyme, 8 big kobolds and Demosthentine's ghost.

Vanquished Creatures
  A tentacled starspawn (Abyss:1)
  An ogre mage (D:11)
  An ettin (D:11)
  A fire dragon (D:11)
  A great orb of eyes (Abyss:1)
  Harold (D:7)
  A hydra (D:10)
  A rakshasa (Abyss:1)
  A boulder beetle (D:12)
  A centaur warrior (D:13)
  4 two-headed ogres (D:11)
  2 thrashing horrors (Abyss:1)
  A deep troll (D:9)
  2 unseen horrors
  Pikel (D:8)
  A necromancer (IceCv)
  3 deep elf magi (D:13)
  2 cyclopes
  A worldbinder (Abyss:1)
  2 slime creatures (D:13)
  A smoke demon (Abyss:1)
  2 gargoyles
  2 ice statues (IceCv)
  2 centaur skeletons
  A hellion (Abyss:1)
  A komodo dragon (D:12)
  7 ice devils (IceCv)
  7 trolls
  A tengu conjurer (D:11)
  A hornet (D:12)
  A shadow (D:11)
  An ettin zombie (Abyss:1)
  A wraith (D:12)
  A vampire (D:12)
  A ynoxinul (Abyss:1)
  2 wyverns
  A yak (D:10)
  A steam dragon (D:13)
  A neqoxec (Abyss:1)
  4 vampire mosquitoes (D:13)
  A chaos spawn (Abyss:1)
  Menkaure (D:4)
  2 small abominations (Abyss:1)
  7 sky beasts
  4 black bears
  An eye of draining (D:12)
  6 orc warriors
  3 ice beasts
  A necrophage (D:13)
  10 ogres
  5 phantoms
  8 centaurs
  A lemure (D:8)
  4 big kobolds
  10 gnoll sergeants
  7 bullfrogs
  4 scorpions
  11 wights
  6 howler monkeys
  3 bullfrog zombies
  A lava snake (D:9)
  2 draconian simulacra (IceCv)
  A quasit (D:7)
  4 centaur zombies
  11 hounds
  2 jellies
  8 orc priests
  6 gnoll shamans (Bailey)
  3 bullfrog skeletons
  3 iguanas
  9 orc wizards
  2 troll simulacra (IceCv)
  A spriggan simulacrum (IceCv)
  11 worker ants
  2 centaur simulacra (IceCv)
  A hound skeleton (D:6)
  A hound zombie (D:6)
  Robin (D:3)
  14 gnolls
  13 adders
  2 naga simulacra (IceCv)
  An ogre simulacrum (IceCv)
  3 shadow imps
  15 white imps
  4 ufetubi
  2 oozes
  5 adder skeletons
  3 worms
  5 leopard geckos
  49 orcs
  A ball python (D:8)
  7 bats
  4 giant cockroaches
  25 goblins
  4 hobgoblins
  19 jackals
  10 quokkas
  5 frilled lizards
  A jackal skeleton (D:4)
  A jackal zombie (D:6)
  16 kobolds
  A quokka zombie (D:9)
  6 rats
  A starspawn tentacle (Abyss:1)
449 creatures vanquished.

Vanquished Creatures (collateral kills)
  A manticore (D:13)
  A deep elf mage (D:13)
  A cane toad (shapeshifter) (D:13)
  3 gnolls (Bailey)
  An orc (D:11)
7 creatures vanquished.

Vanquished Creatures (others)
  A wight (D:9)
  2 orc wizards (D:13)
  4 starspawn tentacles (Abyss:1)
7 creatures vanquished.

Grand Total: 463 creatures vanquished

Notes
Turn   | Place    | Note
-------+----------+-------------------------------------------
     0 | D:1      | robertstho the Deep Dwarf Berserker began the quest for the
                  | Orb.
     0 | D:1      | Reached XP level 1. HP: 20/20 MP: 1/1
    20 | D:1      | Reached XP level 2. HP: 28/28 MP: 2/2
   344 | D:1      | Reached ** piety under Trog
   351 | D:1      | Reached XP level 3. HP: 19/34 MP: 3/3
   564 | D:2      | Found a stormy altar of Qazlal.
   799 | D:2      | Found an ornate altar of the Wu Jian Council.
  1120 | D:3      | Reached skill level 4 in Axes
  1120 | D:3      | Reached XP level 4. HP: 22/42 MP: 4/4
  1329 | D:3      | Found an ancient bone altar of Kikubaaqudgha.
  1334 | D:3      | Found a shimmering blue altar of Sif Muna.
  1335 | D:3      | Found a radiant altar of Vehumet.
  1431 | D:3      | Reached XP level 5. HP: 46/50 MP: 5/5
  1824 | D:3      | Reached skill level 1 in Stealth
  2010 | D:4      | Noticed a phantom
  2017 | D:4      | Reached skill level 5 in Axes
  2032 | D:4      | Reached *** piety under Trog
  2035 | D:4      | Noticed Robin
  2057 | D:3      | Killed Robin
  2070 | D:4      | Reached XP level 6. HP: 57/57 MP: 6/6
  2091 | D:4      | Found a radiant altar of Vehumet.
  2162 | D:4      | Noticed Menkaure
  2171 | D:4      | Killed Menkaure
  2171 | D:4      | Reached XP level 7. HP: 38/66 MP: 7/7
  2297 | D:4      | Reached skill level 6 in Axes
  2424 | D:4      | Reached skill level 5 in Fighting
  2578 | D:5      | Entered Level 5 of the Dungeon
  2805 | D:5      | Reached skill level 7 in Axes
  2805 | D:5      | Reached skill level 5 in Armour
  2840 | D:5      | Reached XP level 8. HP: 54/74 MP: 8/8
  3161 | D:5      | Found a shadowy altar of Dithmenos.
  3164 | D:5      | Found a bloodstained altar of Trog.
  3164 | D:5      | Found a blossoming altar of Fedhas.
  3320 | D:6      | Found Mumitagu's General Store.
  3325 | D:6      | Bought 2 scrolls of magic mapping for 105 gold pieces
  3325 | D:6      | Bought a scroll of identify for 30 gold pieces
  3325 | D:6      | Bought a +0 flail for 52 gold pieces
  3413 | D:6      | Found an iron altar of Okawaru.
  3828 | D:6      | Reached skill level 8 in Axes
  3848 | D:6      | Found a staircase to the Ecumenical Temple.
  4408 | D:7      | Noticed Harold
  4420 | D:7      | Killed Harold
  4420 | D:7      | Reached skill level 9 in Axes
  4420 | D:7      | Gained mutation: You passively map the area around you.
                  | [Deep Dwarf growth]
  4420 | D:7      | Reached XP level 9. HP: 32/85 MP: 8/8
  4720 | D:7      | Reached **** piety under Trog
  4914 | D:7      | Reached skill level 10 in Axes
  5200 | D:8      | Found a staircase to the Lair.
  5296 | D:8      | Found a runed translucent gate.
  5296 | D:8      | Identified the +10 dagger of the Absolute Madman {venom,
                  | *Noise Int+4 Dex+2}
  5297 | D:8      | Found a runed translucent gate.
  5297 | D:8      | Noticed Demosthentine's ghost (novice FoFi)
  5298 | D:8      | Found a runed translucent gate.
  5432 | D:8      | Found a shadowy altar of Dithmenos.
  5612 | D:8      | Found Feuxit's Book Shop.
  5660 | D:8      | Noticed Pikel
  5674 | D:8      | Killed Pikel
  5674 | D:8      | Reached XP level 10. HP: 55/94 MP: 9/9
  5715 | D:8      | Found a flagged portal.
  5724 | Bailey   | Entered a bailey
  5909 | Bailey   | Reached skill level 1 in Shields
  5913 | Bailey   | Reached skill level 11 in Axes
  6813 | D:9      | Reached ***** piety under Trog
  6916 | D:9      | Noticed a deep troll
  6937 | D:9      | Killed a deep troll
  6940 | D:9      | Noticed an unseen horror
  6941 | D:9      | Killed an unseen horror
  6974 | D:10     | Entered Level 10 of the Dungeon
  7008 | D:10     | Reached skill level 12 in Axes
  7029 | D:10     | Reached XP level 11. HP: 72/104 MP: 10/10
  7032 | D:10     | Received a gift from Trog
  7240 | D:10     | Noticed a seven-headed hydra
  7246 | D:10     | Killed a seven-headed hydra
  7269 | D:10     | Reached skill level 10 in Armour
  7575 | D:10     | Found a staircase to the Orcish Mines.
  7755 | D:11     | Found a shimmering altar of Xom.
  7755 | D:11     | Found a white marble altar of Elyvilon.
  7755 | D:11     | Noticed a fire dragon
  7760 | D:11     | Noticed an ettin
  7788 | D:11     | Killed a fire dragon
  7789 | D:11     | Killed an ettin
  7789 | D:11     | Reached skill level 10 in Fighting
  7789 | D:11     | Reached skill level 13 in Axes
  7820 | D:11     | Found Jaynuf Bueg's Weapon Shoppe.
  7850 | D:11     | Found a frozen archway.
  7869 | IceCv    | Entered an ice cave
  8180 | IceCv    | Reached XP level 12. HP: 92/117 MP: 11/11
  8298 | IceCv    | Got a transparent hunting sling
  8301 | IceCv    | Identified the +1 hunting sling "Kaoschamon" {speed, +Blink
                  | rF+ Str-2} (You found it in an ice cave)
  8591 | D:11     | You fall into a shaft and drop 2 floors!
  8787 | D:13     | Reached skill level 14 in Axes
  8822 | D:13     | Noticed a centaur warrior
  8832 | D:13     | Killed a centaur warrior
  9088 | D:13     | Received a gift from Trog
  9795 | D:12     | Noticed a boulder beetle
  9814 | D:12     | Killed a boulder beetle
 10155 | D:11     | Noticed a two-headed ogre
 10155 | D:11     | Noticed a two-headed ogre
 10155 | D:11     | Noticed a two-headed ogre
 10155 | D:11     | Noticed a two-headed ogre
 10156 | D:11     | Noticed an ogre mage
 10161 | D:11     | Killed a two-headed ogre
 10166 | D:11     | Killed a two-headed ogre
 10168 | D:11     | Killed a two-headed ogre
 10168 | D:11     | Reached skill level 15 in Axes
 10168 | D:11     | Reached XP level 13. HP: 117/127 MP: 12/12
 10210 | D:11     | Found a runed translucent gate.
 10211 | D:11     | Found a runed translucent gate.
 10211 | D:11     | Found a runed translucent gate.
 10212 | D:11     | Noticed robertstho's ghost (journeyman KoHu)
 10596 | D:9      | Found a snail-covered altar of Cheibriados.
 10821 | D:8      | Cast into level 1 of the Abyss (big kobold)
 10913 | Abyss:1  | Gained mutation: You occasionally shout uncontrollably at
                  | your foes. [a neqoxec]
 10990 | Abyss:1  | Noticed a tentacled starspawn
 11013 | Abyss:1  | Killed a tentacled starspawn
 11018 | D:8      | Escaped the Abyss
 11019 | D:8      | Mangled by a big kobold

Illustrated notes

Levels and vault maps discovered:
D:1:      minmay_arrival_glassed_features, layout_rooms
D:2:      layout_loops_corners, lemuel_round_altar, lemuel_doored_altar
D:3:      layout_basic, grunt_temple_overflow_magic_moments
D:4:      layout_loops_cross, vehumet_altar_wand_db, uniq_robin, uniq_menkaure
D:5:      layout_gridville, gammafunk_temple_overflow_forgotten
D:6:      layout_basic, minmay_temple_entry_stoned_glass, serial_shops,
          nicolae_shop_crystal, okawaru_trees_2
D:7:      layout_basic, uniq_harold
D:8:      layout_loops_corners, lair_entry_dummy, gammafunk_ghost_nasty_kobolds,
          basic_altar, serial_shops, shop, enter_bailey_3, uniq_pikel
D:9:      layout_basic, overflow_temple_1_default, grunt_ministairs_11,
          kennysheep_island_fort
D:10:     layout_roguey, kennysheep_orc_monster_closet_entryway,
          minmay_alternating_orb
D:11:     layout_roguey, portal_ice_cave_entry_imps, ebering_ghost_rock_garden,
          serial_shops, shop, minivault_25, minmay_liquid_box,
          jmf_multi_god_temple
D:12:     layout_gridville
D:13:     layout_loops_ring, grunt_ministairs_6

Skill      XL: |  1  2  3  4  5  6  7  8  9 10 11 12 13 |
---------------+----------------------------------------+-----
Fighting       | 3 4 5 6 7 8 10 11 12 | 12.1
Axes           | 4 5 7 9 10 12 13 15 | 15.6
Armour         | 3 4 5 6 8 9 10 12 | 12.7
Stealth        | 1 2 3 |  3.2
Dodging        | 3 |  3.4
Shields        | 3 |  3.4
Evocations     | |  0.1

Action                   |  1- 3 |  4- 6 |  7- 9 | 10-12 | 13-15 || total
-------------------------+-------+-------+-------+-------+-------++-------
Melee: Hand axe          |    88 |   147 |       |   359 |       ||   594
       War axe           |       |    20 |   315 |    59 |       ||   394
       Battleaxe         |       |       |       |   242 |    70 ||   312
       Morningstar       |       |       |       |     1 |       ||     1
Invok: Berserk           |     3 |     3 |    10 |    12 |     2 ||    30
       Trog's Hand       |       |     2 |    15 |     8 |     2 ||    27
       Brothers in Arms  |       |       |       |     4 |     1 ||     5
 Abil: Heal Wounds       |     1 |     3 |     2 |     3 |     2 ||    11
Evoke: Wand              |       |       |       |     1 |       ||     1
       Box of beasts     |       |       |       |       |     1 ||     1
  Use: Scroll            |       |       |    10 |    15 |       ||    25
       Potion            |       |       |       |     2 |       ||     2
 Stab: Sleeping          |       |     4 |       |       |       ||     4
       Invisible         |       |       |       |     2 |       ||     2
Armor: Animal skin       |    18 |    16 |       |       |       ||    34
       Chain mail        |       |    60 |    46 |       |       ||   106
       Plate armour      |       |       |   166 |   158 |    95 ||   419
       Crystal plate arm |       |       |       |   288 |       ||   288
Dodge: Dodged            |    62 |    89 |   142 |   194 |    64 ||   551
Block: Kite shield       |       |       |       |    91 |       ||    91

Table legend: (Time is in decaauts)
 A = Elapsed time spent in this place.
 B = Non-inter-level travel time spent in this place.
 C = Inter-level travel time spent in this place.
 D = Time resting spent in this place.
 E = Time spent auto-exploring this place.
 F = Levels seen in this place.
 G = Mean time per level.
                   A        B        C        D        E       F      G
               +--------+--------+--------+--------+--------+-----+--------+
         Total |  11211 |  10685 |    526 |    105 |   7392 |  16 |  700.7 |
       Dungeon |  10154 |   9628 |    526 |      0 |   7020 |  13 |  781.1 |
         Abyss |    213 |    213 |      0 |      0 |     95 |   1 |  213.0 |
        Bailey |    349 |    349 |      0 |      0 |    116 |   1 |  349.0 |
      Ice Cave |    494 |    494 |      0 |    105 |    160 |   1 |  494.0 |
               +--------+--------+--------+--------+--------+-----+--------+

Top non-repeatable levels by time:
     D:6: 1075 daAuts
     D:8: 897 daAuts
     D:3: 893 daAuts
     D:9: 890 daAuts
     D:7: 839 daAuts
    D:11: 798 daAuts
    D:12: 796 daAuts
    D:13: 774 daAuts
     D:5: 723 daAuts
     D:4: 697 daAuts
     D:2: 696 daAuts
    D:10: 684 daAuts
   IceCv: 494 daAuts
     D:1: 389 daAuts
  Bailey: 349 daAuts
